 Dungeon Crawl Stone Soup version 0.27.1-1-g398f81649c (webtiles) character file.

Game seed: 46069673747812098

86 loralnil the Ruffian (level 4, -8/44 HPs)
             Began as an Ogre Transmuter on Sept 13, 2021.
             Mangled by a wyvern (15 damage)
             ... on level 4 of the Dungeon.
             The game lasted 00:03:15 (2494 turns).

loralnil the Ruffian (Ogre Transmuter)              Turns: 2494, Time: 00:03:15

Health: -8/44      AC:  3    Str: 14    XL:     4   Next: 49%
Magic:  7/8        EV: 10    Int: 14    God:
Gold:   127        SH:  0    Dex: 10    Spells: 3/9 levels left

rFire    . . .     SeeInvis .     - Unarmed
rCold    . . .     Faith    .   (no shield)
rNeg     . . .     Spirit   .   a - +0 robe
rPois    .         Reflect  .   (helmet currently unavailable)
rElec    .         Harm     .   (no cloak)
rCorr    .         Rampage  .   (gloves unavailable)
Will     .....                  (boots unavailable)
Stlth    +.........             (no amulet)
HPRegen  0.14/turn              (no ring)
MPRegen  0.11/turn              (no ring)

@: appendages (expiring)
A: horns 2, talons 2, large, unfitting armour, tough skin 1
a: End Transformation


You were on level 4 of the Dungeon.
You had temporarily grown beastly horns and talons.
You visited 1 branch of the dungeon, and saw 4 of its levels.

You collected 127 gold pieces.

Inventory:

Armour
 a - a +0 robe (worn)
 m - a +0 kite shield
Wands
 j - a wand of mindburst (14)
Scrolls
 e - 2 scrolls of amnesia
 f - a scroll of teleportation {unknown}
 g - a scroll of immolation {unknown}
 h - a scroll of enchant weapon {unknown}
 k - a scroll of magic mapping {unknown}
 l - 3 scrolls of enchant armour {unknown}
 o - a scroll of identify {unknown}
Potions
 b - 2 potions of lignification {unknown}
 c - a potion of cancellation {unknown}
 d - a potion of haste {unknown}
 i - a potion of mutation {unknown}
 n - a potion of curing {unknown}
 p - a potion of might {unknown}


   Skills:
 + Level 2.8 Fighting
 - Level 2.0 Dodging
 + Level 3.2 Unarmed Combat
 - Level 3.0 Spellcasting
 + Level 2.5 Transmutations
 + Level 0.7 Poison Magic


You had 3 spell levels left.
You knew the following spells:

 Your Spells              Type           Power      Damage    Failure   Level
a - Beastly Appendage     Tmut           18%        N/A       8%          1
b - Wereblood             Tmut           9%         N/A       12%         2
c - Spider Form           Tmut/Pois      3%         N/A       32%         3

Your spell library contained the following spells:

 Spells                   Type           Power      Damage    Failure   Level
 Passwall                 Tmut/Erth      4%         N/A       19%         2
 Sandblast                Erth           4%         2d4       22%         1
 Ice Form                 Ice/Tmut       5%         N/A       77%         4
 Lee's Rapid Deconstruct  Erth           1%         3d5*      99%         5


Dungeon Overview and Level Annotations

Branches:
Dungeon (4/15)
 Temple: D:4-7

Altars:


Innate Abilities, Weirdness & Mutations

You have temporarily grown beastly horns and talons.
You are too large for most types of armour.
You have tough skin. (AC +1)


Message History

The howler monkey is severely wounded.
The howler monkey hoots and howls with incredible vigour!
You closely miss the howler monkey. Your kick misses the howler monkey.
Your headbutt misses the howler monkey.
The howler monkey is severely wounded.
The howler monkey hoots and howls with incredible vigour!
You completely miss the howler monkey. You claw the howler monkey.
You headbutt the howler monkey.
The howler monkey is almost dead.
The howler monkey completely misses you.
You hit the howler monkey.
You kill the howler monkey!
You have reached level 4!
Your horns disappear.
Your talons disappear.
A wyvern comes into view.
A wyvern is nearby!
An orc and a skeleton come into view.
You see here a scroll labelled COUCIDWUKOU.
A gnoll comes into view. It is wielding a +0 whip.
Found 15 gold pieces.
The gnoll shouts!
The orc barely misses you.
You barely miss the hound skeleton.
The hound skeleton bites you but does no damage.
The orc barely misses you.
A gnoll comes into view. It is wielding a +0 whip.
You hit the hound skeleton.
The hound skeleton is moderately damaged.
The hound skeleton bites you. The orc hits you with a +0 flail.
The hound skeleton barely misses you. The orc misses you.
The hound skeleton bites you. The gnoll hits you with a +0 whip.
The wyvern bites you!
* * * LOW HITPOINT WARNING * * *
The wyvern bites you but does no damage.
Casting: Beastly Appendage (safe; 8% risk of failure)
Confirm with . or Enter, or press ? or * to list all spells.
You grow a pair of large bovine horns.
Your feet morph into talons.
Your transformation is almost over.
The wyvern bites you!
You die...

###. $.... #...
#... #..##
#..g#### #.#oZ..#
#...##l#
.##.#######..###@#
...(......?.## #.#
.....##..#### #.#
.........# #..
.###.###.# ### .#
#.###.# .###...#.#
.......l.#
...###<#.#


You could see a wyvern.

Vanquished Creatures
  A howler monkey (D:4)
  An adder (D:2)
  2 dart slugs
  2 orcs (D:3)
  4 ball pythons
  2 bats
  2 endoplasms
  2 giant cockroaches (D:1)
  3 goblins (D:1)
  2 hobgoblins
  2 jackals (D:1)
  2 kobolds
  A quokka (D:3)
  2 frilled lizards (D:1)
  5 rats
33 creatures vanquished.

Vanquished Creatures (others)
  3 plants (D:2)
3 creatures vanquished.

Grand Total: 36 creatures vanquished

Notes
Turn   | Place    | Note
-------+----------+-------------------------------------------
     0 | D:1      | loralnil the Ogre Transmuter began the quest for the Orb.
     0 | D:1      | Reached XP level 1. HP: 19/19 MP: 3/3
   187 | D:1      | Reached XP level 2. HP: 28/28 MP: 3/5
   352 | D:1      | Learned a level 2 spell: Wereblood
  1228 | D:2      | Reached XP level 3. HP: 35/35 MP: 4/7
  2124 | D:3      | Found a faded altar of an unknown god.
  2425 | D:3      | Learned a level 3 spell: Spider Form
  2482 | D:4      | Reached XP level 4. HP: 33/44 MP: 6/8
  2483 | D:4      | Noticed a wyvern
  2494 | D:4      | Mangled by a wyvern

Illustrated notes

Levels and vault maps discovered:
D:1:      dpeg_arrival_boxorama, layout_basic
D:2:      layout_loops_ring, ebering_dispersal_statue_hall,
          serial_bayou_lagoon_b
D:3:      layout_basic, dilly_ecumenical_altar_fadedgnrine
D:4:      layout_loops_ring, beargit_hepliaklqana_dungeon_heroes,
          nemelex_diamond_rough_becter, kennysheep_small_circle, uniq_edmund

Skill      XL: |  1  2  3 |
---------------+----------+-----
Dodging        | 2 |  2.0
Transmutations | 2 |  2.5
Fighting       | 2 |  2.8
Unarmed Combat | 3 |  3.2
Spellcasting   | 3 |  3.0
Poison Magic   | |  0.7

Action                   |  1- 3 |  4- 6 || total
-------------------------+-------+-------++-------
Melee: Unarmed           |    90 |     2 ||    92
       Headbutt          |    12 |       ||    12
       Kick              |    16 |       ||    16
 Cast: Beastly Appendage |    25 |     1 ||    26
  Use: Scroll            |     1 |       ||     1
Armor: Robe              |    30 |     2 ||    32
Dodge: Dodged            |    39 |     4 ||    43
